[Event "Late-Titled-Tuesday-Blitz-February-20-2024"]
[Site "Chess.com"]
[Date "2024.02.20"]
[Round "8"]
[White "NikoTheodorou"]
[Black "Genghis_K"]
[Result "0-1"]
[WhiteElo "3051"]
[BlackElo "2957"]
[TimeControl "180+1"]
[EndTime "15:27:08 PST"]
[Termination "Genghis_K won on time"]

1. e4 c5 2. d4 cxd4 3. c3 Nf6 4. e5 Nd5 5. Bc4 Qc7 6. Bb3 Qxe5+ 7. Ne2 e6 8. cxd4 Bb4+ 9. Nc3 Qh5 10. O-O Nxc3 11. bxc3 Bd6 12. f4 Nc6 13. Qe1 O-O 14. Ng3 Qh4 15. f5 b6 16. Be3 Ba6 17. Rf3 Rae8 18. Qd2 f6 19. Bf4 Bxf4 20. Rxf4 Qh6 21. fxe6 dxe6 22.
Nf5 Qg6 23. Re1 Bc8 24. Nd6 Na5 25. Nxe8 Nxb3 26. axb3 Rxe8 27. Rf3 Bb7 28. Rg3 Qf5 29. h3 Kf7 30. Kh2 h5 31. Rf1 Qxf1 32. h4 Qf5 33. Rh3 Rd8 34. Qe3 e5 35. Qe2 exd4 36. Rg3 d3 0-1

[Event "Late-Titled-Tuesday-Blitz-February-20-2024"]
[Site "Chess.com"]
[Date "2024.02.20"]
[Round "8"]
[White "chegueps"]
[Black "kleopl"]
[Result "1-0"]
[WhiteElo "2663"]
[BlackElo "2512"]
[TimeControl "180+1"]
[EndTime "15:27:08 PST"]
[Termination "chegueps won on time"]

1. b3 c5 2. Bb2 Nc6 3. e3 Nf6 4.
Nf3 e6 5. c4 Be7 6. Be2 O-O 7.
O-O a6 8. a3 Rb8 9. d4 cxd4 10.
exd4 d5 11. c5 b6 12. Qc2 a5 13. Nbd2 Bd7 14. Ne5 bxc5 15. dxc5 Qc7 16. Nxd7 Nxd7 17. Bd3 g6 18. Rfc1 Nxc5 19. Bf1 Rfc8 20. Nf3 Nxb3 21. Ba6 Nxa1 22. Bxa1 Bxa3 23. Qc3 d4 24. Qxa3 Rd8 25.
Nxd4 Nxd4 26. Rxc7 Rb3 27. Qa2 a4 28. Rc8 Ne2+ 29. Qxe2 Rb1+ 30. Qf1 Rxf1+ 31. Kxf1 Rxc8 32. Bxc8 a3 33. Bf6 Kf8 34. Bd7 1-0

[Event "Late-Titled-Tuesday-Blitz-February-20-2024"]
[Site "Chess.com"]
[Date "2024.02.20"]
[Round "8"]
[White "dedpihto_v_kozhanom_palto"]
[Black "Durarbayli"]
[Result "1-0"]
[WhiteElo "2712"]
[BlackElo "2937"]
[TimeControl "180+1"]
[EndTime "15:27:13 PST"]
[Termination "dedpihto_v_kozhanom_palto won on time"]

1. c4 c5 2. Nc3 Nc6 3. e3 Nf6 4. d4 cxd4 5. exd4 d5 6. cxd5 Nxd5 7. Nf3 g6 8. Be2 Bg7 9. O-O O-O 10. Be3 b6 11. Rc1 Bb7 12. Re1 Rc8 13. Bg5 h6 14.
Bh4 Nf4 15. Bf1 g5 16. Bg3 Nxd4 17. Nxd4 Qxd4 18. Qxd4 Bxd4 19. Rxe7 Ba8 20. Rxa7 b5 21. Rd7 Be5 22. Bxf4 Bxf4 23. Rcd1 b4 24. Nd5 Bxd5 25. R7xd5 Rc2 26. Rf5 Rxb2 27. g3 Bd2 28. Bc4 Kg7 29. Rd5 Bc3 30. R1d3 f5 31. Rd7+ Kg6 32. R3d6+ Bf6 33.
h3 h5 34. Bb3 h4 35. g4 fxg4 36. hxg4 Re2 37. Bc4 Re1+ 38. Kg2 h3+ 39. Kxh3 Rh8+ 40. Kg2 Rhh1 41. Bd3+ 1-0

[Event "Late-Titled-Tuesday-Blitz-February-20-2024"]
[Site "Chess.com"]
[Date "2024.02.20"]
[Round "8"]
[White "RantomOpening"]
[Black "Balla_Tamas"]
[Result "1-0"]
[WhiteElo "2583"]
[BlackElo "2395"]
[TimeControl "180+1"]
[EndTime "15:27:13 PST"]
[Termination "RantomOpening won by resignation"]

1. c4 c5 2. Nf3 Nc6 3. Nc3 g6 4.
e3 Nf6 5. d4 cxd4 6. exd4 d5 7.
cxd5 Nxd5 8. Qb3 Nxc3 9. Bc4 e6 10. bxc3 Bd7 11. Be2 Na5 12. Qb1 Rc8 13. O-O Be7 14. Bh6 Bf8 15. Bxf8 Kxf8 16. Ne5 Bc6 17. Rd1 Bd5 18.
Qb4+ Kg7 19. c4 Nc6 20. Nxc6 Bxc6 21. d5 exd5 22. cxd5 Bd7 23. Qxb7 Re8 24. Bf3 a5 25. Qa7 Bf5 26. d6 Qd7 27. Qd4+ Kg8 28. h3 h5 29. Rac1 Rxc1 30. Rxc1 Rd8 31. Rd1 Be6 32. Qb6 a4 33. Bc6 Qc8 34. Bxa4 Bxa2 35. d7 Qa8 36. Bc6 1-0

[Event "Late-Titled-Tuesday-Blitz-February-20-2024"]
[Site "Chess.com"]
[Date "2024.02.20"]
[Round "8"]
[White "Alex_Sahakyan2006"]
[Black "aistrel"]
[Result "1-0"]
[WhiteElo "2832"]
[BlackElo "2556"]
[TimeControl "180+1"]
[EndTime "15:27:15 PST"]
[Termination "Alex_Sahakyan2006 won by checkmate"]

1. e4 c6 2. Nc3 d5 3. d4 dxe4 4. Nxe4 Nf6 5. Nxf6+ exf6 6. Bd3 Qxd4 7. Ne2 Qh4 8. O-O Bd6 9. g3 Qh5 10. Re1 Be6 11.
Bf4 Bc5 12. b4 Bxb4 13. c3 Bc5 14. Qb1 O-O 15. Nd4 Bxd4 16. cxd4 Bd5 17. Be2 Qh3 18. Bf1 Qg4 19. Re3 Qd7 20. Bd3 g5 21. Bxh7+ Kg7 22. Bf5 Qd8 23. Qxb7 gxf4 24. gxf4 Qb6 25. Rg3+ Kh6 26.
Qe7 Qxd4 27. Qxf8+ Kh5 28. Qh8# 1-0

[Event "Late-Titled-Tuesday-Blitz-February-20-2024"]
[Site "Chess.com"]
[Date "2024.02.20"]
[Round "8"]
[White "MarcoRiehle"]
[Black "Fh2411"]
[Result "0-1"]
[WhiteElo "2849"]
[BlackElo "2621"]
[TimeControl "180+1"]
[EndTime "15:27:19 PST"]
[Termination "Fh2411 won by resignation"]

1. e4 c6 2. c4 e5 3. d4 d6 4.
Nc3 Nd7 5. d5 c5 6. Be3 a6 7. Bd3 g6 8. h4 h5 9. Nge2 Bh6 10.
Qd2 Bxe3 11. Qxe3 Nh6 12. O-O-O Qe7 13. f3 Nf6 14. Kb1 Bd7 15. Qg5 Nfg8 16. Rdf1 Rb8 17. f4 Ng4 18. f5 Qxg5 19. hxg5 Ne7 20. Rf3 b5 21. Kc2 Rg8 22. f6 Nc8 23. Nd1 Nb6 24. b3 Kd8 25. Ne3 Kc7 26. Nxg4 Bxg4 27. Re3 bxc4 28.
Bxc4 Nxc4 29. bxc4 Bxe2 30. Rxe2 Rb4 31. Kd3 Ra4 32. Rc2 Ra3+ 33. Rc3 Rxa2 34. g4 hxg4 35. Rb1 Rb8 36. Rxb8 Kxb8 37. Rb3+ Kc7 38. Rb1 g3 39. Rg1 g2 40. Ke3 a5 41. Kf3 a4 42. Kg3 a3 43. Kh2 Rb2 44. Ra1 a2 45. Kh3 Kb6 46. Kh4 Ka5 47. Kh3 Kb4 48. Kh4 Kb3 49. Kh3 Rb1 50. Rxb1+ axb1=Q 51. Kxg2 Qxe4+ 52. Kg3 Kxc4 0-1

[Event "Late-Titled-Tuesday-Blitz-February-20-2024"]
[Site "Chess.com"]
[Date "2024.02.20"]
[Round "8"]
[White "IraZyne"]
[Black "bocah_sakit"]
[Result "0-1"]
[WhiteElo "2360"]
[BlackElo "2512"]
[TimeControl "180+1"]
[EndTime "15:27:19 PST"]
[Termination "bocah_sakit won by checkmate"]

1. e4 c5 2. Nc3 Nc6 3. g3 g6 4. Bg2 Bg7 5. d3 e6 6. Be3 Nd4 7. Nce2 e5 8. c3 Ne6 9. Qd2 Ne7 10. Nh3 d5 11. O-O-O h6 12. f4 dxe4 13. dxe4 Qxd2+ 14. Rxd2 exf4 15. gxf4 f5 16. e5 Rb8 17. Rhd1 Kf7 18. c4 b6 19. Bd5 Re8 20. Nc3 Ba6 21. b3 Rbc8 22. Kb2 g5 23. fxg5 Bxe5 24. gxh6 Nxd5 25.
Rxd5 Kf6 26. Bf2 Nd4 27. Kb1 Nf3 28. Ne2 Bb7 29. Rd7 Be4+ 30. Kc1 Rh8 31. Nef4 Rxh6 32. Bg3 Rch8 33. Nf2 Rxh2 34. Bxh2 Rxh2 35. Nxe4+ fxe4 36. Nd5+ Ke6 37. Re7+ Kd6 38. Rf7 Bb2+ 39. Kb1 Bd4 40.
b4 Nd2+ 41. Kc1 Nxc4 42. Nf4 Ke5 43. Ng6+ Ke6 44. Rdf1 Bb2+ 45. Kd1 Ne3+ 46. Ke1 Bc3# 0-1

[Event "Late-Titled-Tuesday-Blitz-February-20-2024"]
[Site "Chess.com"]
[Date "2024.02.20"]
[Round "8"]
[White "Mikhal867"]
[Black "Ready4abattle"]
[Result "1-0"]
[WhiteElo "2436"]
[BlackElo "2284"]
[TimeControl "180+1"]
[EndTime "15:27:19 PST"]
[Termination "Mikhal867 won by resignation"]

1. d4 Nf6 2. c4 g6 3. f3 e6 4. e4 d5 5. e5 Nh5 6. Nc3 Qh4+ 7. Ke2 Ng3+ 8. hxg3 Qxh1 9. Nh3 dxc4 10. Qa4+ Nc6 11.
Ne4 Be7 12. Kf2 Bd7 13. Qxc4 b5 14. Qc3 b4 15. Qc4 h5 16. Bg5 h4 17. gxh4 Bxg5 18. hxg5 Qh2 19. Nf6+ Kd8 20. Ng4 Qh1 21. Rc1 Rh4 22.
Bd3 Rxh3 23. Rxh1 Rxh1 24. Be4 Rd1 25. Bxc6 1-0

[Event "Late-Titled-Tuesday-Blitz-February-20-2024"]
[Site "Chess.com"]
[Date "2024.02.20"]
[Round "8"]
[White "Superfelix"]
[Black "GMRAVEN_ON_YOUTUBE"]
[Result "1-0"]
[WhiteElo "2546"]
[BlackElo "2733"]
[TimeControl "180+1"]
[EndTime "15:27:21 PST"]
[Termination "Superfelix won by resignation"]

1. e4 c5 2. Nf3 e6 3. b3 b6 4. Bd3 Bb7 5. Bb2 Nc6 6. a3 Nf6 7. O-O d6 8. Re1 Be7 9. c4 O-O 10. Nc3 Ne5 11. Bc2 Nfd7 12. Nxe5 Nxe5 13. d4 cxd4 14.
Qxd4 Bf6 15. Qd2 a6 16. Rad1 Be7 17. Ne2 Qc7 18. Ng3 b5 19. cxb5 a5 20. a4 Rac8 21. Rc1 Qb8 22. Qxa5 Bg5 23. Bb1 Bxc1 24. Bxc1 d5 25.
exd5 Bxd5 26. Bb2 Ng6 27. Qb4 Rfd8 28. h4 Nf4 29. Be5 Nxg2 30. Bxb8 Nxe1 31. Qxe1 Rxb8 32. Qe5 Bxb3 33. Nh5 f6 34. Qg3 Rb7 35. Qxb3 1-0

[Event "Late-Titled-Tuesday-Blitz-February-20-2024"]
[Site "Chess.com"]
[Date "2024.02.20"]
[Round "8"]
[White "carloseduar100"]
[Black "Gentlejimmy7"]
[Result "0-1"]
[WhiteElo "2382"]
[BlackElo "2580"]
[TimeControl "180+1"]
[EndTime "15:27:21 PST"]
[Termination "Gentlejimmy7 won on time"]

1. d4 f5 2. h3 b6 3. g4 Bb7 4. Nf3 fxg4 5. hxg4 e6 6. Qd3 g6 7. Rxh7 Rxh7 8. Qxg6+ Rf7 9. Bg5 Ne7 10. Qh5 Bxf3 11.
exf3 d5 12. Bd3 Qd7 13. Nd2 Nbc6 14. c3 e5 15. O-O-O Qe6 16. Bxe7 Nxe7 17. dxe5 O-O-O 18. Nb3 Qh6+ 19. Qxh6 Bxh6+ 20. Kc2 Rxf3 21. Nd4 Rxf2+ 22. Kb3 Be3 23. Ba6+ Kb8 24. Ne6 Rg8 25. c4 d4 26.
g5 c5 27. Rh1 Bxg5 28. Rh7 Rg2 29. Nxg5 R2xg5 30. Rxe7 R5g7 31. Re6 Rg5 32. Kc2 Rg2+ 33.
Kd3 R2g3+ 34. Ke4 Rd8 35. Kf4 Rg7 0-1

[Event "Late-Titled-Tuesday-Blitz-February-20-2024"]
[Site "Chess.com"]
[Date "2024.02.20"]
[Round "8"]
[White "campochess"]
[Black "Bkmzzzzz"]
[Result "0-1"]
[WhiteElo "2156"]
[BlackElo "2374"]
[TimeControl "180+1"]
[EndTime "15:27:22 PST"]
[Termination "Bkmzzzzz won by resignation"]

1. d4 d5 2. Bg5 h6 3. Bf4 e6 4. e3 Bd6 5. Ne2 Nf6 6. Nbc3 a6 7.
h3 b5 8. a3 c5 9. Bxd6 Qxd6 10. dxc5 Qxc5 11. Nd4 O-O 12. Be2 Nbd7 13. O-O Nb6 14. f4 Bb7 15. Kh1 Rae8 16. Qd2 e5 17.
Nb3 Qc7 18. Rac1 Nc4 19. Bxc4 dxc4 20. Na1 Nh5 21. Qf2 exf4 22. exf4 Re6 23. f5 Ng3+ 24. Kg1 Rf6 25. Qf4 Qb6+ 26. Kh2 Nxf1+ 27. Rxf1 Qc6 28. Rf2 Re8 29. Ne2 Qd6 30. Qxd6 Rxd6 31. Nc3 Re1 32. b3 Rxa1 33. bxc4 bxc4 34. Na4 Rxa3 35. Nc5 Bc6 36.
Re2 Ra5 37. Ne4 Bxe4 38. Rxe4 Rxf5 0-1

[Event "Late-Titled-Tuesday-Blitz-February-20-2024"]
[Site "Chess.com"]
[Date "2024.02.20"]
[Round "8"]
[White "egnfanclub"]
[Black "ImportedItalianMaple"]
[Result "1-0"]
[WhiteElo "2395"]
[BlackElo "2497"]
[TimeControl "180+1"]
[EndTime "15:27:26 PST"]
[Termination "egnfanclub won by checkmate"]

1. e4 g6 2. Nc3 Bg7 3. f4 c6 4.
d4 d5 5. e5 h5 6. h3 Nh6 7.
Bd3 Bf5 8. Nge2 h4 9. Be3 e6 10.
Qd2 Bxd3 11. Qxd3 Nf5 12. Bf2 Nd7 13. O-O-O b5 14. g4 hxg3 15. Nxg3 Nxg3 16. Bxg3 b4 17. Na4 Qa5 18. Qb3 Bf8 19. Bf2 Nb6 20. Nc5 Bxc5 21.
dxc5 Nd7 22. Qe3 Qxa2 23. Qd4 Qa5 24. h4 Rh5 25. Rhg1 Qb5 26. Rg5 Rxg5 27. hxg5 a5 28. Rh1 Ke7 29. f5 Qc4 30. f6+ Ke8 31. Rh8+ Nf8 32.
Qd1 a4 33. Qh1 a3 34. Rxf8+ Kd7 35. Rxa8 axb2+ 36. Kb1 b3 37. Ra7+ Kc8 38. Qh8# 1-0

[Event "Late-Titled-Tuesday-Blitz-February-20-2024"]
[Site "Chess.com"]
[Date "2024.02.20"]
[Round "8"]
[White "pavet"]
[Black "micke12a"]
[Result "1-0"]
[WhiteElo "2736"]
[BlackElo "2369"]
[TimeControl "180+1"]
[EndTime "15:27:27 PST"]
[Termination "pavet won on time"]

1. e4 c5 2. Nf3 d6 3. d4 cxd4 4. Nxd4 Nf6 5. Nc3 g6 6. Be3 Bg7 7. f3 O-O 8. Qd2 Nc6 9. O-O-O Bd7 10. h4 Rc8 11. h5 Nxh5 12. Nxc6 bxc6 13. Bd4 Nf6 14.
g4 c5 15. Be3 Qa5 16. Qh2 h5 17. e5 Nxg4 18. fxg4 Bxe5 19. Bf4 Bxc3 20. bxc3 Bxg4 21.
Rd3 Qxa2 22. Kd2 Rb8 23. Rg3 Bf5 24. Bd3 Bxd3 25. Kxd3 Qd5+ 26. Ke3 e5 27. Bh6 Rfe8 28.
Qxh5 c4 29. Rxg6+ 1-0

[Event "Late-Titled-Tuesday-Blitz-February-20-2024"]
[Site "Chess.com"]
[Date "2024.02.20"]
[Round "8"]
[White "NLLO777"]
[Black "vovachesss"]
[Result "0-1"]
[WhiteElo "2536"]
[BlackElo "2796"]
[TimeControl "180+1"]
[EndTime "15:27:29 PST"]
[Termination "vovachesss won by resignation"]

1. Nf3 d5 2. c4 e6 3. d4 Nf6 4. g3 dxc4 5. Bg2 Bd7 6. Ne5 Bc6 7. Nxc6 Nxc6 8. O-O Bd6 9. e3 O-O 10. Nd2 e5 11. dxe5 Nxe5 12. Bxb7 Rb8 13. Bg2 Bb4 14. Qc2 Qd3 15. Qxd3 cxd3 16. Rd1 Rfd8 17. h3 c5 18. f4 Ned7 19. Nc4 Nb6 20. Ne5 d2 21. a3 dxc1=Q 22. Raxc1 Bd2 23. Nc6 Bxc1 24. Rxc1 c4 25. Bf1 Nfd5 26.
Kf2 Re8 27. Nxb8 Rxb8 28. e4 Nf6 29. e5 Ne4+ 30. Kg2 Nd5 31. Bxc4 Rxb2+ 32. Kf3 Nd2+ 33. Kg4 Nxc4 34. Rxc4 Ne3+ 0-1

[Event "Late-Titled-Tuesday-Blitz-February-20-2024"]
[Site "Chess.com"]
[Date "2024.02.20"]
[Round "8"]
[White "PacingRope"]
[Black "BilodeauA"]
[Result "0-1"]
[WhiteElo "2915"]
[BlackElo "3040"]
[TimeControl "180+1"]
[EndTime "15:27:31 PST"]
[Termination "BilodeauA won by resignation"]

1. e4 e5 2. Nf3 Nc6 3. Bc4 Bc5 4. c3 Nf6 5. d4 exd4 6. b4 Be7 7. e5 Ne4 8. b5 Na5 9. Bd3 d5 10. exd6 Nxd6 11.
cxd4 O-O 12. O-O b6 13. Nc3 Bb7 14. a4 Bf6 15. Be3 Nac4 16. Qe2 Na5 17. Rad1 Re8 18. Rfe1 Qd7 19. h3 Re7 20. Ne5 Bxe5 21. dxe5 Rxe5 22.
Qc2 h6 23. Bf4 Rxe1+ 24. Rxe1 Re8 25. Rxe8+ Qxe8 26. Bxd6 cxd6 27. Ne4 Bxe4 28. Bxe4 Nb3 29. Qc6 Qd8 30. Bd5 Nc5 31. g3 g6 32. Kg2 Kg7 33.
h4 h5 34. Kg1 Qf6 35. Qc7 Nd3 36. Qc2 Qa1+ 37. Kh2 Qd4 38. Bg2 Nxf2 39. Bf3 Nd3 40. Qd2 Qb2 0-1

[Event "Late-Titled-Tuesday-Blitz-February-20-2024"]
[Site "Chess.com"]
[Date "2024.02.20"]
[Round "8"]
[White "AsaHoffmann"]
[Black "VinzentSpitzl"]
[Result "1/2-1/2"]
[WhiteElo "2388"]
[BlackElo "2528"]
[TimeControl "180+1"]
[EndTime "15:27:31 PST"]
[Termination "Game drawn - insufficient material"]

1. d4 Nf6 2. Bg5 d5 3. Nd2 Nbd7 4. e3 h6 5. Bh4 e6 6. f4 Be7 7. Bd3 b6 8. Ngf3 Bb7 9. O-O Ne4 10. Bxe7 Qxe7 11. Bxe4 dxe4 12. Ne5 Nxe5 13. fxe5 Qg5 14. Rf4 O-O 15. Qg4 Qxg4 16. Rxg4 Rad8 17. c3 a5 18. Nxe4 Bxe4 19. Rxe4 g5 20. h4 Kg7 21. hxg5 hxg5 22.
Rf1 f5 23. exf6+ Rxf6 24. Rxf6 Kxf6 25. Re5 c6 26. Kf2 Rh8 27. Kg1 Rh4 28. b3 c5 29.
a3 Rh8 30. b4 cxb4 31. cxb4 a4 32. Rb5 Rc8 33. Rxb6 Rc3 34. Kf2 Kf5 35. g4+ Kxg4 36. Rxe6 Rxa3 37. d5 Ra2+ 38. Ke1 a3 39. Ra6 Kf5 40. b5 g4 41. b6 g3 42. Kf1 Rb2 43.
Rxa3 Ke4 44. d6 Rxb6 45. Kg2 Rxd6 46. Kxg3 Rg6+ 47. Kf2 Rf6+ 48. Ke2 Rh6 49. Ra4+ Ke5 50. Kd3 Rb6 51. Ra5+ Ke6 52. Kd4 Ke7 53. e4 Rh6 54. Rc5 Kd7 55. Kd5 Ke7 56. Rc6 Rxc6 57. Kxc6 Ke6 58.
Kc5 Ke5 59. Kb6 Kxe4 1/2-1/2

[Event "Late-Titled-Tuesday-Blitz-February-20-2024"]
[Site "Chess.com"]
[Date "2024.02.20"]
[Round "8"]
[White "katharinareinecke"]
[Black "sansanathalia"]
[Result "0-1"]
[WhiteElo "1991"]
[BlackElo "2375"]
[TimeControl "180+1"]
[EndTime "15:27:31 PST"]
[Termination "sansanathalia won by checkmate"]

1. d4 Nf6 2. g3 e6 3. Bg2 d5 4. Nf3 Be7 5. O-O O-O 6. c4 dxc4 7. Ne5 Nc6 8. Nxc6 bxc6 9. Na3 Bxa3 10. bxa3 Rb8 11. Qa4 Nd5 12. Qxc4 Bb7 13. a4 Nb6 14. Qc5 Nxa4 15. Qxa7 Nb6 16. Be3 Qc8 17. Qa3 Rd8 18.
Qc1 Qd7 19. a4 Nd5 20. a5 Ba6 21. Re1 Rb3 22. Bf4 Rdb8 23. e3 Nb4 24. Qd2 Nd3 25. Red1 Rb2 26. Qc3 Nxf2 27. Rf1 Bxf1 28. Rxf1 Ng4 29.
Bxc6 Qc8 30. Bf3 Nxh2 31. Be4 Nxf1 32. Kxf1 Qa6+ 33. Bd3 Qb7 34. Be4 Qxe4 35. Qxc7 Qh1# 0-1

[Event "Late-Titled-Tuesday-Blitz-February-20-2024"]
[Site "Chess.com"]
[Date "2024.02.20"]
[Round "8"]
[White "Agentxya"]
[Black "ArchibaldCerveza29"]
[Result "1-0"]
[WhiteElo "2254"]
[BlackElo "2424"]
[TimeControl "180+1"]
[EndTime "15:27:34 PST"]
[Termination "Agentxya won by resignation"]

1. e4 c5 2. Nf3 d6 3. d4 cxd4 4.
Nxd4 Nf6 5. Nc3 g6 6. Be3 Bg7 7. f3 O-O 8. Qd2 Nc6 9. O-O-O d5 10. exd5 Nxd5 11. Nxc6 bxc6 12. Bd4 e5 13. Bc5 Be6 14. Ne4 Re8 15. h4 h6 16. c4 Nf4 17. Qxd8 Rexd8 18. g3 Rxd1+ 19. Kxd1 Rd8+ 20. Kc2 Nh5 21. Bf2 f5 22.
Nc5 Bc8 23. Be2 Nf6 24. Rd1 Rxd1 25. Bxd1 h5 26. b4 f4 27. gxf4 exf4 28. a4 Bf5+ 29. Kb3 Kf7 30. b5 cxb5 31. cxb5 Ke7 32. a5 Nd5 33. Bc2 Ne3 34. Bxf5 gxf5 35. Nd3 Bh6 36. Ne5 Kd6 37. Nf7+ Kc5 38. Nxh6 Kxb5 39. Bxe3 fxe3 40. Nxf5 e2 41. Nd4+ Kxa5 42. Nxe2 Kb5 43.
Nf4 a5 44. Nxh5 a4+ 45. Ka3 Kc4 46. f4 Kd5 47. Ng3 Ke6 48. Kxa4 1-0

[Event "Late-Titled-Tuesday-Blitz-February-20-2024"]
[Site "Chess.com"]
[Date "2024.02.20"]
[Round "8"]
[White "Jahonas"]
[Black "SocoLoco"]
[Result "1-0"]
[WhiteElo "2343"]
[BlackElo "2204"]
[TimeControl "180+1"]
[EndTime "15:27:34 PST"]
[Termination "Jahonas won on time"]

1. e4 c5 2. Nf3 e6 3. d4 cxd4 4. Nxd4 Nf6 5. Bd3 Nc6 6. Nxc6 bxc6 7. O-O d5 8. Nc3 Be7 9. Kh1 Rb8 10. b3 Bb7 11.
Bb2 a6 12. Qe2 Qc8 13. exd5 cxd5 14. f4 Bb4 15. Na4 Be7 16. Be5 O-O 17. Bxb8 Qxb8 18.
c4 Rd8 19. Rad1 d4 20. c5 Bc6 21. Nb6 Bxc5 22. Nc4 Qa8 23. Ne5 Bb7 24. Rc1 Bd6 25.
Rfe1 Nd5 26. Qh5 g6 27. Nxg6 hxg6 28. Bxg6 fxg6 29. Qxg6+ Kf8 30. Qh6+ Kg8 31. Qxe6+ Kf8 32. Qh6+ Kf7 33. Re6 1-0

[Event "Late-Titled-Tuesday-Blitz-February-20-2024"]
[Site "Chess.com"]
[Date "2024.02.20"]
[Round "8"]
[White "esteban062000"]
[Black "howitzer14"]
[Result "0-1"]
[WhiteElo "2129"]
[BlackElo "2985"]
[TimeControl "180+1"]
[EndTime "15:27:37 PST"]
[Termination "howitzer14 won by resignation"]

1. e4 e6 2. e5 d6 3. exd6 Bxd6 4. d4 Nf6 5. Nf3 O-O 6. Bd3 b6 7. O-O Bb7 8. c3 h6 9. Nbd2 Bf4 10. Re1 Nbd7 11.
Ne4 Bxc1 12. Rxc1 Qe7 13. Nxf6+ Nxf6 14. Ne5 Rad8 15. Qa4 a5 16. Nc6 Bxc6 17. Qxc6 Rd6 18. Qf3 Rfd8 19. Bc2 Qd7 20. Bb3 a4 21. Bc4 Qc8 22.
Re5 Nd7 23. Re3 c6 24. Rce1 Qc7 25. Qf4 Nf6 26. Qh4 c5 27. dxc5 Qxc5 28. Re5 Qc7 29. Bb5 a3 30. bxa3 Qxc3 31. R5e3 Qb2 32. R3e2 Qxb5 0-1

[Event "Late-Titled-Tuesday-Blitz-February-20-2024"]
[Site "Chess.com"]
[Date "2024.02.20"]
[Round "8"]
[White "Abund"]
[Black "Statham_01"]
[Result "0-1"]
[WhiteElo "2772"]
[BlackElo "2601"]
[TimeControl "180+1"]
[EndTime "15:27:38 PST"]
[Termination "Statham_01 won by checkmate"]

1. b3 e5 2. c4 Nf6 3. Bb2 Nc6 4. e3 d5 5. cxd5 Nxd5 6. a3 Be6 7. Bb5 Be7 8. Nf3 Bg4 9. Bxe5 Bf6 10. Bxf6 Qxf6 11.
d4 O-O 12. O-O Rad8 13. Be2 Rfe8 14. Qc2 Bf5 15. Bd3 Ncb4 16. axb4 Nxb4 17. Qxc7 Bxd3 18. Rc1 Bf5 19. Nbd2 Nd3 20. Rd1 Qe6 21. Nf1 Bg4 22.
Qxb7 Rb8 23. Qxa7 Bxf3 24. gxf3 Rxb3 25. Ng3 Nxf2 26. Kxf2 Rb2+ 27. Kf1 Qh3+ 28. Ke1 Rxe3+ 29. Ne2 Rexe2# 0-1

[Event "Late-Titled-Tuesday-Blitz-February-20-2024"]
[Site "Chess.com"]
[Date "2024.02.20"]
[Round "8"]
[White "MaestroCheck"]
[Black "alexrustemov"]
[Result "0-1"]
[WhiteElo "2549"]
[BlackElo "2862"]
[TimeControl "180+1"]
[EndTime "15:27:39 PST"]
[Termination "alexrustemov won by checkmate"]

1. e4 e6 2. d4 d5 3. Nd2 dxe4 4. Nxe4 Bd7 5. Nf3 Bc6 6. Bd3 Nd7 7. c3 Ngf6 8. Qe2 Be7 9. O-O O-O 10. Nxf6+ Bxf6 11. Rd1 Bxf3 12. Qxf3 c6 13. Bf4 Re8 14. h3 g6 15.
Re1 Kg7 16. Rad1 Qa5 17. Bc4 Rad8 18. Qg3 Rc8 19. Bd6 Qd8 20. Bb3 Nb6 21. Bf4 Nd5 22. Qf3 Nxf4 23. Qxf4 Qc7 24. Qxc7 Rxc7 25. d5 cxd5 26. Bxd5 b5 27. Be4 a5 28. Bd3 Rb8 29.
Re2 h5 30. Rc2 h4 31. Rdc1 Rc5 32. b4 Rd5 33. Be4 Re5 34. Bd3 axb4 35. cxb4 Rd8 36.
Bf1 Rd4 37. Rc5 Rxb4 38. Rxe5 Bxe5 39. Rc5 Bd4 40. Rxb5 Ra4 41. a3 Rxa3 42. Rb4 e5 43. Bc4 Ra1+ 44. Kh2 Bxf2 45. g4 hxg3+ 46. Kg2 e4 47. Rb7 Rg1# 0-1

[Event "Late-Titled-Tuesday-Blitz-February-20-2024"]
[Site "Chess.com"]
[Date "2024.02.20"]
[Round "8"]
[White "laskakid"]
[Black "TheMagician"]
[Result "1-0"]
[WhiteElo "2343"]
[BlackElo "2200"]
[TimeControl "180+1"]
[EndTime "15:27:40 PST"]
[Termination "laskakid won on time"]

1. d4 Nf6 2. Bg5 e6 3. e4 d5 4. e5 h6 5. Bh4 g5 6. Bg3 Ne4 7. Bd3 c5 8. c3 Nxg3 9. hxg3 Nc6 10.
Ne2 Qb6 11. Qd2 Bd7 12. dxc5 Bxc5 13. O-O Nxe5 14. b4 Bf8 15. Re1 Bg7 16. Nd4 Nxd3 17. Qxd3 O-O 18. Nd2 Rac8 19. N2f3 Rc4 20. Ne5 Rc7 21.
Re3 Rfc8 22. Ne2 Bb5 23. Qd2 Bxe2 24. Qxe2 Rxc3 25. Rxc3 Rxc3 26. Re1 Bxe5 27. Qxe5 Rc2 28. Qf6 e5 29. Qf5 Qe6 30. Qxc2 e4 31. Rc1 d4 32. Qc8+ Kg7 33. Qxe6 fxe6 34. Rc4 e5 35. Kf1 Kf6 36.
Ke2 Ke6 37. Rc7 1-0

[Event "Late-Titled-Tuesday-Blitz-February-20-2024"]
[Site "Chess.com"]
[Date "2024.02.20"]
[Round "8"]
[White "czasnaszachy"]
[Black "otrov-11"]
[Result "0-1"]
[WhiteElo "2435"]
[BlackElo "2608"]
[TimeControl "180+1"]
[EndTime "15:27:41 PST"]
[Termination "otrov-11 won by resignation"]

1. e4 e6 2. d4 d5 3. Nd2 c5 4.
Ngf3 cxd4 5. exd5 Qxd5 6. Bc4 Qd6 7. Qe2 Nf6 8. Nb3 Nc6 9. Bg5 a6 10. O-O-O b5 11. Bd3 Be7 12. Kb1 Bb7 13. Nbxd4 Nxd4 14. Nxd4 Qc5 15. Be3 Qc7 16. Rhg1 Nd5 17. Nxe6 fxe6 18. Qh5+ Kd7 19. Rge1 Rae8 20. Rc1 Nxe3 21. Rxe3 Bd5 22. c4 bxc4 23. Be4 g6 24. Qg4 Bc5 25. Re2 Kd8 26. Rd1 Bd6 27. Red2 Qd7 28. Bxd5 exd5 29. Qg5+ Kc7 30.
Rxd5 Re6 31. Qg4 Rd8 32. Qxc4+ Qc6 33. Qd3 Kb7 34. Rd4 Rc8 35. Qb3+ Ka8 36. Qxe6 Qc2+ 0-1

[Event "Late-Titled-Tuesday-Blitz-February-20-2024"]
[Site "Chess.com"]
[Date "2024.02.20"]
[Round "8"]
[White "giovannibrandao7"]
[Black "Laico"]
[Result "0-1"]
[WhiteElo "2235"]
[BlackElo "2377"]
[TimeControl "180+1"]
[EndTime "15:27:41 PST"]
[Termination "Laico won on time"]

1. e4 e6 2. d4 d5 3. Nd2 Nf6 4. e5 Nfd7 5. Bd3 c5 6. c3 Nc6 7. Ne2 cxd4 8. cxd4 f6 9. exf6 Nxf6 10. Nf3 Bd6 11.
O-O Qc7 12. Ng3 O-O 13. a3 e5 14. dxe5 Nxe5 15. Nxe5 Bxe5 16. Qc2 Qb6 17. Rb1 Bd7 18. Bg5 Rac8 19. Qe2 Rce8 20. Bxf6 Bxf6 21. Qh5 g6 22. Qxd5+ Be6 23. Qb5 Qd4 24. Rbd1 Qxb2 25. Qxb2 Bxb2 26. Rb1 Bxa3 27. Rxb7 Bc5 28. Ne4 Bb6 29. Bb5 Bd5 30. Bxe8 Bxb7 31. Nd6 Ba6 32. Bb5 Bxb5 33. Nxb5 Rf5 34. Nd6 Rf6 35. Nc4 Bd4 36. g3 Rc6 37. Nd2 Rc2 38. Ne4 a5 39. Kg2 a4 40. Kf3 a3 0-1

[Event "Late-Titled-Tuesday-Blitz-February-20-2024"]
[Site "Chess.com"]
[Date "2024.02.20"]
[Round "8"]
[White "Elsa167"]
[Black "Zavgorodniy_Sergiy"]
[Result "1-0"]
[WhiteElo "2886"]
[BlackElo "2638"]
[TimeControl "180+1"]
[EndTime "15:27:46 PST"]
[Termination "Elsa167 won on time"]

1. e4 c6 2. d4 d5 3. Nc3 dxe4 4.
Nxe4 Bf5 5. Ng3 Bg6 6. h4 h6 7. h5 Bh7 8. Nf3 Nd7 9. Bd3 Bxd3 10.
Qxd3 e6 11. Bd2 Ngf6 12. O-O-O Be7 13. Kb1 O-O 14. Ne4 Nxe4 15. Qxe4 Nf6 16. Qe2 Qd5 17. Ne5 Qe4 18. Be3 Nd5 19. Rhe1 Nxe3 20. Qxe3 Qxe3 21. Rxe3 Rad8 22. c3 Bf6 23. Nd3 Rd6 24. Nc5 b6 25. Ne4 Rd5 26. g4 Rfd8 27. Kc2 Be7 28. Red3 f5 29.
gxf5 exf5 30. Nd2 f4 31. Rh3 c5 32. Nf3 cxd4 33. Rxd4 Bc5 34. Rxf4 Bxf2 35. Re4 1-0